 Dungeon Crawl Stone Soup version 0.28-a0-1524-ge72afd5fc6 (webtiles) character file.

Game seed: 1971335507434936369

3 psuckher the Sneak (level 1, 0/18 HPs)
             Began as a Barachi Delver on Jan 17, 2022.
             Slain by a gnoll (5 damage)
             ... on level 5 of the Dungeon.
             The game lasted 00:00:43 (177 turns).

psuckher the Sneak (Barachi Delver)                  Turns: 177, Time: 00:00:43

Health: 0/18       AC:  3    Str: 13    XL:     1   Next: 50%
Magic:  1/1        EV: 12    Int: 10    God:
Gold:   0          SH:  0    Dex: 13    Spells: 0/0 levels left

rFire   . . .      SeeInvis .   a - +0 falchion
rCold   . . .      Faith    .   (no shield)
rNeg    . . .      Spirit   .   b - +0 leather armour
rPois   .          Reflect  .   (no helmet)
rElec   .          Harm     .   (no cloak)
rCorr   .          Rampage  .   (no gloves)
Will    .....                   (no boots)
Stlth   ++........              (no amulet)
HPRegen 0.06/turn               (no ring)
MPRegen 0.07/turn               (no ring)

@: slow
A: amphibious, slowness 1, strong legs 1, +LOS
a: Hop


You were on level 5 of the Dungeon.
You visited 1 branch of the dungeon, and saw 1 of its levels.

Inventory:

Hand Weapons
 a - a +0 falchion (weapon)
Armour
 b - a +0 leather armour (worn)
Wands
 g - a wand of digging (3)
 h - a wand of polymorph (6)
Scrolls
 c - a scroll of fog
 d - a scroll of magic mapping
 e - a scroll of fear
 i - a scroll of identify {unknown}
Potions
 f - a potion of haste


   Skills:
 + Level 3.6 Fighting
 + Level 2.4 Long Blades
 + Level 2.3 Dodging
 + Level 4.6 Stealth


You couldn't memorise any spells.
You didn't know any spells.
Your spell library was empty.

Dungeon Overview and Level Annotations

Branches:
Dungeon (5/15)
 Temple: D:4-7

Altars:


Innate Abilities, Weirdness & Mutations

You are amphibious.
You cover ground slowly.
You can hop short distances.
You have an extended range of vision and can be seen from far away.


Message History

You closely miss the orc. The orc hits you with a +0 club. x2
You barely miss the orc. You punch the orc.
The orc is heavily wounded.
The orc closely misses you.
You slash the orc!
You kill the orc!
You see here a +0 club.
A water moccasin skeleton comes into view.
The water moccasin skeleton moves out of view.
A gnoll comes into view. It is wielding a +0 flail.
The gnoll shouts!
The gnoll moves out of view.
You barely miss the water moccasin skeleton.
The water moccasin skeleton closely misses you. x2
You barely miss the water moccasin skeleton.
A gnoll comes into view. It is wielding a +0 halberd.
The water moccasin skeleton closely misses you.
A black bear comes into view.
You barely miss the water moccasin skeleton.
The water moccasin skeleton bites you.
A gnoll comes into view. It is wielding a +0 spear.
The water moccasin skeleton barely misses you.
You slash the water moccasin skeleton!
The water moccasin skeleton is moderately damaged.
The water moccasin skeleton closely misses you.
You closely miss the water moccasin skeleton.
The water moccasin skeleton is moderately damaged.
The water moccasin skeleton barely misses you.
You hit the gnoll but do no damage. The gnoll hits you with a +0 flail!
* * * LOW HITPOINT WARNING * * *
You hit the gnoll.
The gnoll is moderately wounded.
The gnoll barely misses you.
You hit the gnoll.
The gnoll is severely wounded.
The gnoll barely misses you.
You hit the gnoll but do no damage.
The gnoll is severely wounded.
The gnoll hits you with a +0 flail.
You die... ...... ..... g... ... ..## Zg#

#h# ##### #g#
##.... #@##
#..... #..#
##..... ##.#
#.....) #.#
#...... #.##
##..... ##.###
###... ##...#####
####
#........##### #
#.######.....####


You could see a black bear, 2 gnolls and a water moccasin skeleton.

Vanquished Creatures
  An orc (D:5)
  A quokka (D:5)
2 creatures vanquished.

Notes
Turn   | Place    | Note
-------+----------+-------------------------------------------
     0 | D:5      | psuckher the Barachi Delver began the quest for the Orb.
     0 | D:5      | Reached XP level 1. HP: 18/18 MP: 1/1
   169 | D:5      | Noticed a black bear
   177 | D:5      | Slain by a gnoll

Illustrated notes

Levels and vault maps discovered:
D:5:      layout_cave_pods, general_overflow_altar, nicolae_shop_gadgets

Action                   || total
-------------------------++-------
Melee: Falchion          ||    22
       Punch             ||     1
Dodge: Dodged            ||    21

Table legend: (Time is in decaauts)
 A = Elapsed time spent in this place.
 B = Non-inter-level travel time spent in this place.
 C = Inter-level travel time spent in this place.
 D = Time resting spent in this place.
 E = Time spent auto-exploring this place.
 F = Levels seen in this place.
 G = Mean time per level.
                   A        B        C        D        E       F      G
               +--------+--------+--------+--------+--------+-----+--------+
         Total |    211 |    208 |      3 |      0 |      0 |   1 |  211.0 |
       Dungeon |    211 |    208 |      3 |      0 |      0 |   1 |  211.0 |
               +--------+--------+--------+--------+--------+-----+--------+

Top non-repeatable levels by time:
     D:5: 211 daAuts
